 Dungeon Crawl Stone Soup version 0.30-a0-721-ga6a225cb13 (webtiles) character file.

Game seed: 581275841769028698

53 Ijustatesigmund the Conjurer (level 3, -7/13 (20) HPs)
             Began as a Deep Elf Reaver on Jan 27, 2023.
             Mangled by a worm (8 damage)
             ... on level 3 of the Dungeon.
             The game lasted 00:04:27 (2846 turns).

Ijustatesigmund the Conjurer (Deep Elf Reaver)      Turns: 2846, Time: 00:04:28

HP:   -7/13 (20)    AC:  3    Str:  9    XL:     3   Next: 62%
MP:   10/10         EV: 12    Int: 19    God:
Gold: 69            SH:  0    Dex: 13    Spells: 9/10 levels left

rFire   . . .      SeeInvis .    a - +1 short sword
rCold   . . .      Faith    .    (no shield)
rNeg    . . .      Spirit   .    b - +0 leather armour
rPois   .          Reflect  .    (no helmet)
rElec   .          Harm     .    (no cloak)
rCorr   .          Rampage  .    (no gloves)
Will    .....                    (no boots)
Stlth   +                        i - amulet of the acrobat
HPRegen 0.22/turn                (no ring)
MPRegen 0.12/turn                (no ring)

@: very heavily drained
A: no striking features
a: no special abilities


You were on level 3 of the Dungeon.
You visited 1 branch of the dungeon, and saw 3 of its levels.

You collected 69 gold pieces.

Inventory:

Hand Weapons
 a - a +1 short sword (weapon)
Armour
 b - a +0 leather armour (worn)
Jewellery
 i - an amulet of the acrobat (around neck)
Potions
 c - a potion of curing
 d - 2 potions of heal wounds
 f - a potion of haste {unknown}
 g - a potion of degeneration {unknown}
 h - a potion of mutation {unknown}


   Skills:
 - Level 1.5 Fighting
 - Level 3.0 Short Blades
 - Level 2.4 Dodging
 + Level 4.0 Spellcasting
 + Level 4.0 Conjurations
 + Level 2.1 Necromancy


You had 9 spell levels left.
You knew the following spells:

 Your Spells              Type           Power      Damage    Failure   Level
a - Kiss of Death         Conj/Necr      60%        2d10      5%          1

Your spell library contained the following spells:

 Spells                   Type           Power      Damage    Failure   Level
 Momentum Strike          Conj/Tloc      22%        3d8       13%         2
 Hailstorm                Conj/Ice       11%        3d5       26%         3


Dungeon Overview and Level Annotations

Branches:
Dungeon (3/15)

Altars:

Shops:
D:1 :


Message History

As you open the door, it creaks loudly!
There is an open door here.
Found a stone staircase leading up.
There is a stone staircase leading down here.
Done exploring.
Done exploring.
(D) Dungeon
Where to? (Enter - D:2, ? - help)
There is a stone staircase leading down here.
You climb downwards.
Found six items.
Found a stone staircase leading down.
There is a stone staircase leading up here.
A worm is nearby!
Found a stone.
You see here a +0 short sword.
A goblin comes into view. It is wielding a +0 club.
You hit the goblin.
The goblin is severely wounded.
You barely miss the goblin.
The goblin is severely wounded.
The goblin misses you.
You hit the goblin.
You kill the goblin!
You see here a +0 short sword.
You barely miss the worm. You completely miss the worm. The worm bites you.
You hit the worm.
The worm is moderately wounded.
You barely miss the worm.
The worm is moderately wounded.
The worm bites you!
Ouch! That really hurt!
* * * LOW HITPOINT WARNING * * *
You hit the worm.
The worm is heavily wounded.
You hit the worm.
The worm is almost dead.
The worm bites you!
Ouch! That really hurt!
You die...

### ..#. #.. ... #.#
..### #.######. #...#
##......>.
#.#.###.........
#...............
###)..###<..!....
#......@w........
.....((.....#........
.....................
........[............
.............!......#
...............$###.#
...#...$##..###.# ..
......##.###. #.


You could see a worm.

Vanquished Creatures
  An adder (D:2)
  A worm (D:2)
  A dart slug (D:1)
  5 bats
  2 endoplasms (D:2)
  3 giant cockroaches
  4 goblins
  4 hobgoblins
  5 kobolds
  A quokka (D:2)
  2 ball pythons (D:1)
  A frilled lizard (D:2)
  2 rats
32 creatures vanquished.

Notes
Turn   | Place    | Note
-------+----------+-------------------------------------------
     0 | D:1      | Ijustatesigmund the Deep Elf Reaver began the quest for the
                  | Orb.
     0 | D:1      | Reached XP level 1. HP: 12/12 MP: 6/6
   272 | D:1      | Reached skill level 1 in Necromancy
   542 | D:1      | Reached XP level 2. HP: 9/12 MP: 8/8
   729 | D:1      | Found Goubbirets's Book Boutique.
  1334 | D:2      | Found a faded altar of an unknown god.
  1969 | D:2      | Reached XP level 3. HP: 19/20 MP: 10/10
  2846 | D:3      | Mangled by a worm

Illustrated notes

Levels and vault maps discovered:
D:1:      dpeg_arrival_concentric_ovals, layout_basic, serial_shops, shop
D:2:      layout_basic, nicolae_ecumenical_oubliette, kennysheep_cross_room
D:3:      layout_rooms, pdpol_wu_jian_five_deadly_venoms, serial_shops,
          shop_statue, nicolae_concentric_dashed_squares_mild

Skill      XL: |  1  2  3 |
---------------+----------+-----
Necromancy     | 1 2 |  2.1
Conjurations   | 4 |  4.0
Spellcasting   | 4 |  4.0
Fighting       | |  1.5
Short Blades   | |  3.0
Dodging        | |  2.4

Action                     || total
---------------------------++-------
  Melee: Short sword       ||   153
   Cast: Kiss of Death     ||     4
    Use: Scroll            ||     8
   Stab: Sleeping          ||     2
 Armour: Leather armour    ||    23
  Dodge: Dodged            ||   111

Table legend: (Time is in decaauts)
 A = Elapsed time spent in this place.
 B = Non-inter-level travel time spent in this place.
 C = Inter-level travel time spent in this place.
 D = Time resting spent in this place.
 E = Time spent auto-exploring this place.
 F = Levels seen in this place.
 G = Mean time per level.
                   A        B        C        D        E       F      G
               +--------+--------+--------+--------+--------+-----+--------+
         Total |   2824 |   2771 |     53 |   1185 |   1279 |   3 |  941.3 |
       Dungeon |   2824 |   2771 |     53 |   1185 |   1279 |   3 |  941.3 |
               +--------+--------+--------+--------+--------+-----+--------+

Top non-repeatable levels by time:
     D:2: 1712 daAuts
     D:1: 1094 daAuts
     D:3: 17 daAuts
